 Dungeon Crawl Stone Soup version 0.21.1-1-g345015f (webtiles) character file.

5339 twistedcrescendo the Fighter (level 10, -8/99 HPs)
             Began as a Minotaur Berserker on June 19, 2018.
             Was a High Priest of Trog.
             Engulfed by a cloud of flame (17 damage)
             ... on level 9 of the Dungeon.
             The game lasted 00:54:04 (8602 turns).

twistedcrescendo the Fighter (Minotaur Berserker)   Turns: 8602, Time: 00:54:04

Health: -8/99      AC: 14    Str: 22    XL:     10   Next: 38%
Magic:  9/9        EV:  8    Int:  4    God:    Trog [*****.]
Gold:   229        SH:  0    Dex: 13    Spells: 9/9 levels left

rFire    . . .     SeeInvis .   u - +5 quarterstaff (chaos)
rCold    . . .     Gourm    .   (shield currently unavailable)
rNeg     + . .     Faith    .   G - +1 plate armour
rPois    .         Spirit   .   (helmet restricted)
rElec    .         Reflect  .   v - +0 cloak
rCorr    .         Harm     .   (no gloves)
MR       .....                  (no boots)
Stlth    ..........             (no amulet)
HPRegen  0.26/turn              z - ring of positive energy
MPRegen  0.11/turn              A - ring of wizardry

@: no status effects
A: retaliatory headbutt, horns 2
a: Berserk, Trog's Hand, Brothers in Arms, Burn Spellbooks, Renounce Religion


You were on level 9 of the Dungeon.
You worshipped Trog.
Trog was extremely pleased with you.
You were not hungry.

You visited 1 branch of the dungeon, and saw 9 of its levels.

You collected 504 gold pieces.
You spent 275 gold pieces at shops.

Inventory:

Hand Weapons
 u - a +5 quarterstaff of chaos (weapon)
 w - a +0 mace
Missiles
 I - 5 tomahawks of returning (quivered)
Armour
 r - the +8 large shield "Peumiwn" {rF++ MR+ Str+3 Dex-2}
   (You bought it in a shop on level 6 of the Dungeon)

   It affects your strength (+3).
   It affects your dexterity (-2).
   It greatly protects you from fire.
   It affects your resistance to hostile enchantments.
 v - a +0 cloak (worn)
 C - a +0 shield
 G - a +1 plate armour (worn)
Jewellery
 z - a ring of positive energy (left hand)
 A - a ring of wizardry (right hand)
Wands
 d - a wand of enslavement (8)
 t - a wand of disintegration (15)
Scrolls
 f - 5 scrolls of magic mapping
 h - 2 scrolls of enchant weapon
 j - 2 scrolls of remove curse
 m - 5 scrolls of identify
 o - a scroll of fog
 y - a scroll of teleportation
Potions
 a - a potion of might
 b - 2 potions of berserk rage
 g - a potion of brilliance
 i - 8 potions of curing
 k - a potion of mutation
 q - a potion of agility {unknown}
 B - a potion of magic {unknown}
 D - a potion of invisibility {unknown}
 E - a potion of cancellation {unknown}
 H - a potion of degeneration {unknown}
Books
 n - a book of Conjurations

   Spells                             Type                      Level
   a - Magic Dart                     Conjuration                  1
   b - Searing Ray                    Conjuration                  2
   c - Dazzling Spray                 Conjuration/Hexes            3
   d - Fulminant Prism                Conjuration/Hexes            4
   e - Force Lance                    Conjuration/Translocation    4
   f - Iskenderun's Mystic Blast      Conjuration                  4
   Trog disapproves of the use of such an item.
 s - a book of Changes

   Spells                             Type                      Level
   a - Beastly Appendage              Transmutation                1
   b - Sticks to Snakes               Transmutation                2
   c - Spider Form                    Transmutation/Poison         3
   d - Ice Form                       Ice/Transmutation            4
   e - Blade Hands                    Transmutation                5
   Trog disapproves of the use of such an item.
Comestibles
 c - 23 rations
 J - 2 chunks of flesh


   Skills:
 + Level 12.5 Fighting
 - Level 12.0 Maces & Flails
 + Level 4.8 Armour
 + Level 4.4 Dodging
 + Level 3.9 Shields


You had 9 spell levels left.
You didn't know any spells.

Dungeon Overview and Level Annotations

Branches:
Dungeon (9/15)             Temple (0/1) D:6             Orc (0/2) D:9
   Lair: D:8-11

Altars:
Ashenzari
Dithmenos
Elyvilon
Fedhas
Gozag
Nemelex Xobeh
Okawaru
Qazlal
Ru
Trog
Xom
Yredelemnul
The Shining One

Shops:
D:6 [


Innate Abilities, Weirdness & Mutations

You reflexively headbutt those who attack you in melee.
You have a pair of horns on your head.


Message History

Trog accepts your kill. The fiery explosion engulfs you!
* * * LOW HITPOINT WARNING * * *
The fiery explosion engulfs the gnoll sergeant.
The gnoll sergeant explodes!
Trog accepts your kill. x2
You are engulfed in blazing flames.
* * * LOW HITPOINT WARNING * * *
You hear a shout!
Unknown command.
You feel much better.
You are engulfed in blazing flames.
* * * LOW HITPOINT WARNING * * *
You feel much better.
You are engulfed in blazing flames.
Unknown command.
You are engulfed in blazing flames.
* * * LOW HITPOINT WARNING * * *
You are engulfed in blazing flames.
* * * LOW HITPOINT WARNING * * *
You are engulfed in blazing flames.
You die...

*.........##.+......#
#.........##.#......#
#.........#..#.o....#
#...>.....#.##(o....#
*#.........#.##gOg...#
,+.........'.##§§§§..#
*#.........####§§§...#
#.........# ##§#####
*######.### #@§.#**
##.....# ###...#**
#.....## *##...#
###.....#************#+#*
..'.....+,,,,,,*,,,,,,,,*
.##.....#*,,,*,+,,,,,,,,*
.##.....#*,*,,*,,,*,,,,,*
###.....#*,*,,,,,,*,,,,,*
#.....#*,**,,,,**,,,,,*


You could see 2 orc warriors, an ogre (inner flame) and 2 gnoll sergeants.

Vanquished Creatures
  A meliai (shapeshifter) (D:8)
  A spriggan (D:7)
  2 wyverns (D:8)
  2 hungry ghosts (D:8)
  A black bear (D:8)
  4 ice beasts
  3 orc warriors
  A phantom (D:8)
  3 sky beasts
  3 centaurs
  3 ogres
  3 big kobolds
  8 bullfrogs
  3 gnoll sergeants
  2 scorpions
  8 killer bees (D:8)
  A howler monkey (D:4)
  6 crimson imps
  2 centaur zombies
  2 bullfrog zombies
  A jelly (D:6)
  3 orc wizards
  Crazy Yiuf (D:4)
  3 hounds
  2 bullfrog skeletons (D:8)
  Natasha (thrice) (D:4)
  6 iguanas
  4 worker ants (D:4)
  2 worker ant zombies (D:8)
  Robin (D:4)
  13 gnolls
  16 adders
  A shadow imp (D:9)
  2 oozes
  3 worms
  A leopard gecko (D:5)
  27 orcs
  7 giant cockroaches
  21 goblins
  12 hobgoblins
  16 jackals
  7 quokkas
  A ball python (D:3)
  A ball python skeleton (D:4)
  8 bats
  4 frilled lizards
  A jackal skeleton (D:6)
  A jackal zombie (D:7)
  18 kobolds
  A quokka zombie (D:7)
  9 rats
255 creatures vanquished.

Vanquished Creatures (others)
  A centaur zombie (D:5)
1 creature vanquished.

Grand Total: 256 creatures vanquished

Notes
Turn   | Place    | Note
-------+----------+-------------------------------------------
     0 | D:1      | twistedcrescendo the Minotaur Berserker began the quest for the Orb.
     0 | D:1      | Reached XP level 1. HP: 19/19 MP: 0/0
    78 | D:1      | Reached XP level 2. HP: 15/27 MP: 1/1
   441 | D:1      | Reached XP level 3. HP: 25/34 MP: 2/2
   462 | D:1      | Reached ** piety under Trog
   807 | D:2      | Reached XP level 4. HP: 23/41 MP: 3/3
   810 | D:2      | Reached skill level 5 in Maces & Flails
   844 | D:2      | Reached skill level 5 in Fighting
  1391 | D:2      | Reached XP level 5. HP: 48/48 MP: 4/4
  1839 | D:3      | Reached *** piety under Trog
  2118 | D:3      | Found a blossoming altar of Fedhas.
  2291 | D:3      | Noticed a sky beast
  2300 | D:3      | Killed a sky beast
  2300 | D:3      | Reached XP level 6. HP: 52/58 MP: 5/5
  2545 | D:4      | Noticed Natasha
  2555 | D:4      | Killed Natasha
  2663 | D:4      | Reached XP level 7. HP: 41/66 MP: 6/6
  2847 | D:4      | Noticed Robin
  2859 | D:4      | Killed Robin
  3217 | D:4      | Found a faded altar of an unknown god.
  3217 | D:4      | Found a shadowy altar of Dithmenos.
  3222 | D:4      | Found a sparkling altar of Nemelex Xobeh.
  3226 | D:4      | Found an opulent altar of Gozag.
  3228 | D:4      | Found a shattered altar of Ashenzari.
  3366 | D:4      | Reached **** piety under Trog
  3390 | D:4      | Found a glowing golden altar of the Shining One.
  3655 | D:4      | Found a runed door.
  3706 | D:4      | Noticed Natasha
  3713 | D:4      | Killed Natasha
  3968 | D:4      | Noticed Natasha
  3978 | D:4      | Killed Natasha
  4072 | D:4      | Noticed Crazy Yiuf
  4077 | D:4      | Killed Crazy Yiuf
  4138 | D:5      | Entered Level 5 of the Dungeon
  4276 | D:5      | Found an iron altar of Okawaru.
  4282 | D:5      | Reached XP level 8. HP: 77/77 MP: 7/7
  4383 | D:5      | Found a white marble altar of Elyvilon.
  4431 | D:5      | Found a sacrificial altar of Ru.
  4660 | D:5      | Found a stormy altar of Qazlal.
  4789 | D:6      | Found Jegocwet's Antique Armour Shoppe.
  5051 | D:6      | Reached skill level 10 in Fighting
  5051 | D:6      | Reached skill level 10 in Maces & Flails
  5306 | D:6      | Found a staircase to the Ecumenical Temple.
  5660 | D:6      | Bought a polished large shield for 275 gold pieces
  5660 | D:6      | Identified the +8 large shield "Peumiwn" {rF++ MR+ Str+3 Dex-2} (You bought it in a shop on level 6 of the Dungeon)
  5732 | D:7      | Reached XP level 9. HP: 77/86 MP: 8/8
  6343 | D:7      | Found a basalt altar of Yredelemnul.
  6347 | D:7      | Found a bloodstained altar of Trog.
  6350 | D:7      | Found a shimmering altar of Xom.
  6479 | D:7      | Reached ***** piety under Trog
  6818 | D:8      | Reached skill level 1 in Shields
  6823 | D:8      | HP: 2/90 [iguana (10)]
  6896 | D:8      | Reached XP level 10. HP: 41/97 MP: 9/9
  8578 | D:9      | Found a staircase to the Orcish Mines.
  8602 | D:9      | Engulfed by a cloud of flame

Skill      XL: |  1  2  3  4  5  6  7  8  9 10 |
---------------+-------------------------------+-----
Maces & Flails | 4 5 6 7 8 10 12 | 12.0
Fighting       | 4 5 6 7 8 10 12 | 12.5
Armour         | 3 4 |  4.8
Shields        | 2 3 |  3.9
Dodging        | 3 4 |  4.4

Action                   |  1- 3 |  4- 6 |  7- 9 | 10-12 || total
-------------------------+-------+-------+-------+-------++-------
Melee: Mace              |    97 |   120 |    83 |       ||   300
       Headbutt          |    10 |    30 |    54 |    11 ||   105
       Quarterstaff      |       |       |   228 |    58 ||   286
Invok: Berserk           |     2 |     2 |     3 |     1 ||     8
       Trog's Hand       |     1 |     1 |     2 |     1 ||     5
  Use: Scroll            |       |       |     7 |    10 ||    17
       Potion            |       |       |     1 |     2 ||     3
 Stab: Paralysed         |       |       |     2 |     1 ||     3
       Petrified         |       |       |     2 |       ||     2
       Confused          |       |       |     3 |       ||     3
  Eat: Chunk             |     1 |     9 |    14 |     2 ||    26
       Ration            |       |       |     1 |     2 ||     3
Armor: Animal skin       |     6 |       |       |       ||     6
       Chain mail        |    64 |    79 |   148 |    22 ||   313
       Plate armour      |       |       |       |    12 ||    12
Dodge: Dodged            |    76 |    54 |   166 |    37 ||   333
